[ PARTIDA AOE2 · #473474750 ]
UnrankedPortugueses vs None
Equipo rival · VICT
[ ANÁLISIS DE REPETICIÓN · EXTRAÍDO DE LA PARTIDA GRABADA ]
Feudal
—
Castillos
—
Imperial
—
| APM promedio | 4.3 |
| APM pico | 41 |
| eAPM promedio | 1.5 |
| Aldeanos / militares | 0 / 0 |
Foco
⚔️ 100.0% · 🌾 0.0%
Feudal
—
Castillos
—
Imperial
—
| APM promedio | 45.8 |
| APM pico | 95 |
| eAPM promedio | 25.8 |
| Aldeanos / militares | 0 / 0 |
Foco
⚔️ 100.0% · 🌾 0.0%
Feudal
—
Castillos
—
Imperial
—
| APM promedio | 0.1 |
| APM pico | 3 |
| eAPM promedio | 0.1 |
| Aldeanos / militares | 0 / 0 |
Feudal
—
Castillos
—
Imperial
—
| APM promedio | 11.7 |
| APM pico | 103 |
| eAPM promedio | 10.7 |
| Aldeanos / militares | 0 / 194 |
Foco
⚔️ 93.2% · 🌾 6.8%
Knight ×194
Feudal
—
Castillos
—
Imperial
—
| APM promedio | 42.0 |
| APM pico | 137 |
| eAPM promedio | 11.9 |
| Aldeanos / militares | 0 / 469 |
Foco
⚔️ 96.3% · 🌾 3.7%
Knight ×469
Feudal
—
Castillos
—
Imperial
—
| APM promedio | 12.9 |
| APM pico | 34 |
| eAPM promedio | 2.2 |
| Aldeanos / militares | 0 / 0 |
Foco
⚔️ 100.0% · 🌾 0.0%
Feudal
—
Castillos
—
Imperial
—
| APM promedio | 13.5 |
| APM pico | 41 |
| eAPM promedio | 6.3 |
| Aldeanos / militares | 0 / 73 |
Foco
⚔️ 96.0% · 🌾 4.0%
Archer ×48 · Scout Cavalry ×25
Feudal
—
Castillos
—
Imperial
—
| APM promedio | 4.8 |
| APM pico | 12 |
| eAPM promedio | 2.2 |
| Aldeanos / militares | 0 / 0 |
Foco
⚔️ 64.7% · 🌾 35.3%
Mapa de la partida
Recursos iniciales + cada clic de construcción. Líneas = muros · curvas = relieve. ◆ oro · ⬟ piedra · ● bayas · ✦ reliquia · ◌ hueco del cierre
Tu base· Abierta
Base de Rayleigh· Abierta
Base de Hutchy· ✓ Separados por el mapa
Base de lupo· Abierta
Base de 123· ✓ Separados por el mapa
Base de uzbekKazeta· Abierta
Base de Slowie.AK· Abierta
Base de manue· Abierta
Terreno inicial suavizado · ◌ = hueco del cierre detectado · pasá el cursor para detalles
Inputs por minuto
— Lathron91 - - Rayleigh
Build order — Lathron91
0 acciones detectadas en el replay
Build order — Rayleigh
52 acciones detectadas en el replay
| 12:44 | Investigar | Chain Barding Armor |
| 12:44 | Investigar | Chain Mail Armor |
| 12:45 | Investigar | Leather Archer Armor |
| 12:46 | Investigar | Iron Casting |
| 12:46 | Investigar | Bodkin Arrow |
| 12:50 | Investigar | Ballistics |
| 12:51 | Investigar | Guard Tower (upgrade) |
| 12:52 | Investigar | Tech 909 |
| 12:53 | Investigar | Tech 908 |
| 12:54 | Investigar | Careening |
| 12:55 | Investigar | Masonry |
| 12:57 | Investigar | Kamandaran |
| 20:38 | Investigar | Spies/Treason |
| 20:39 | Investigar | Citadels |
| 20:39 | Investigar | Conscription |
| 20:40 | Investigar | Sappers |
| 20:41 | Investigar | Elite War Elephant (upgrade) |
| 20:42 | Investigar | Hoardings |
| 20:43 | Investigar | Plate Barding Armor |
| 20:45 | Investigar | Ring Archer Armor |
| 20:46 | Investigar | Blast Furnace |
| 20:46 | Investigar | Plate Mail Armor |
| 20:49 | Investigar | Chemistry |
| 20:50 | Investigar | Architecture |
| 20:51 | Investigar | Murder Holes |
| 20:52 | Investigar | Dry Dock |
| 20:53 | Investigar | Tech 910 |
| 20:54 | Investigar | Tech 907 |
| 25:35 | Construir | Stable |
| 27:22 | Investigar | Bloodlines |
| 27:23 | Investigar | Light Cavalry (upgrade) |
| 27:23 | Investigar | Cavalier (upgrade) |
| 27:24 | Investigar | Heavy Camel Rider (upgrade) |
| 27:31 | Construir | Stable |
| 27:33 | Construir | Stable |
| 27:34 | Construir | Stable |
| 27:39 | Construir | Stable |
| 27:41 | Construir | Stable |
| 27:42 | Construir | Stable |
| 27:44 | Construir | Stable |
| 28:05 | Construir | Archery Range |
| 28:07 | Construir | Archery Range |
| 28:09 | Construir | Archery Range |
| 28:10 | Construir | Archery Range |
| 28:15 | Construir | Archery Range |
| 30:53 | Investigar | Hussar (upgrade) |
| 30:58 | Investigar | Tech 526 |
| 31:01 | Investigar | Parthian Tactics |
| 31:04 | Investigar | Heavy Cavalry Archer (upgrade) |
| 31:07 | Investigar | Thumb Ring |
| 31:13 | Investigar | Crossbowman (upgrade) |
| 31:17 | Investigar | Elite Skirmisher (upgrade) |
Build order — Hutchy
0 acciones detectadas en el replay
Build order — lupo
Primeras 150 de 254 acciones detectadas
| 8:40 | Investigar | Wagenburg Tactics |
| 8:44 | Investigar | Iron Casting |
| 8:44 | Investigar | Chain Mail Armor |
| 8:45 | Investigar | Chain Barding Armor |
| 8:46 | Investigar | Leather Archer Armor |
| 8:47 | Investigar | Bodkin Arrow |
| 8:51 | Investigar | Masonry |
| 8:51 | Investigar | Treadmill Crane |
| 8:52 | Investigar | Murder Holes |
| 8:52 | Investigar | Ballistics |
| 8:53 | Investigar | Guard Tower (upgrade) |
| 8:54 | Investigar | Tech 909 |
| 8:54 | Investigar | Chemistry |
| 8:56 | Investigar | Tech 908 |
| 8:57 | Investigar | Careening |
| 14:53 | Investigar | Elite Hussite Wagon (upgrade) |
| 14:54 | Investigar | Hussite Reforms |
| 14:55 | Investigar | Sappers |
| 14:56 | Investigar | Conscription |
| 14:56 | Investigar | Spies/Treason |
| 15:00 | Investigar | Blast Furnace |
| 15:01 | Investigar | Plate Mail Armor |
| 15:02 | Investigar | Ring Archer Armor |
| 15:02 | Investigar | Bracer |
| 15:05 | Investigar | Bombard Tower (upgrade) |
| 15:05 | Investigar | Arrowslits |
| 15:06 | Investigar | Keep (upgrade) |
| 15:07 | Investigar | Tech 910 |
| 15:08 | Investigar | Siege Engineers |
| 15:09 | Investigar | Architecture |
| 24:52 | Construir | Stable |
| 25:01 | Construir | Stable |
| 25:16 | Construir | Stable |
| 25:22 | Construir | Stable |
| 25:29 | Construir | Stable |
| 25:40 | Construir | Stone Wall |
| 25:53 | Construir | Stone Wall |
| 26:12 | Construir | Stable |
| 26:21 | Construir | Stable |
| 26:31 | Construir | Stable |
| 27:15 | Construir | Bombard Tower |
| 27:19 | Construir | Bombard Tower |
| 27:24 | Construir | Bombard Tower |
| 27:30 | Investigar | Husbandry |
| 27:31 | Investigar | Cavalier (upgrade) |
| 27:32 | Crear | Knight |
| 27:34 | Crear | Knight |
| 27:34 | Crear | Knight |
| 27:34 | Crear | Knight |
| 27:34 | Crear | Knight |
| 27:35 | Crear | Knight |
| 27:35 | Crear | Knight |
| 27:35 | Crear | Knight |
| 27:35 | Crear | Knight |
| 27:36 | Crear | Knight |
| 27:36 | Crear | Knight |
| 27:36 | Crear | Knight |
| 27:36 | Crear | Knight |
| 27:37 | Crear | Knight |
| 27:37 | Crear | Knight |
| 27:37 | Crear | Knight |
| 27:37 | Crear | Knight |
| 27:39 | Crear | Knight |
| 27:40 | Crear | Knight |
| 27:40 | Crear | Knight |
| 27:40 | Crear | Knight |
| 27:40 | Crear | Knight |
| 27:41 | Crear | Knight |
| 27:41 | Crear | Knight |
| 27:41 | Crear | Knight |
| 27:41 | Crear | Knight |
| 27:41 | Crear | Knight |
| 27:42 | Crear | Knight |
| 27:42 | Crear | Knight |
| 27:42 | Crear | Knight |
| 27:42 | Crear | Knight |
| 27:43 | Crear | Knight |
| 27:43 | Crear | Knight |
| 27:43 | Crear | Knight |
| 27:43 | Crear | Knight |
| 27:44 | Crear | Knight |
| 27:44 | Crear | Knight |
| 27:44 | Crear | Knight |
| 27:44 | Crear | Knight |
| 27:44 | Crear | Knight |
| 27:45 | Crear | Knight |
| 27:45 | Crear | Knight |
| 27:45 | Crear | Knight |
| 27:45 | Crear | Knight |
| 27:46 | Crear | Knight |
| 27:46 | Crear | Knight |
| 27:46 | Crear | Knight |
| 27:46 | Crear | Knight |
| 27:47 | Crear | Knight |
| 27:47 | Crear | Knight |
| 27:47 | Crear | Knight |
| 27:47 | Crear | Knight |
| 27:48 | Crear | Knight |
| 27:48 | Crear | Knight |
| 27:48 | Crear | Knight |
| 27:48 | Crear | Knight |
| 27:49 | Crear | Knight |
| 27:49 | Crear | Knight |
| 27:49 | Crear | Knight |
| 27:49 | Crear | Knight |
| 27:49 | Crear | Knight |
| 27:50 | Crear | Knight |
| 27:50 | Crear | Knight |
| 27:50 | Crear | Knight |
| 27:50 | Crear | Knight |
| 27:51 | Crear | Knight |
| 27:51 | Crear | Knight |
| 27:51 | Crear | Knight |
| 27:51 | Crear | Knight |
| 27:52 | Crear | Knight |
| 27:52 | Crear | Knight |
| 27:52 | Crear | Knight |
| 27:52 | Crear | Knight |
| 27:52 | Crear | Knight |
| 27:53 | Crear | Knight |
| 27:53 | Crear | Knight |
| 27:53 | Crear | Knight |
| 27:54 | Crear | Knight |
| 27:54 | Crear | Knight |
| 27:54 | Crear | Knight |
| 27:54 | Crear | Knight |
| 27:55 | Crear | Knight |
| 27:55 | Crear | Knight |
| 27:55 | Crear | Knight |
| 27:55 | Crear | Knight |
| 27:55 | Crear | Knight |
| 27:56 | Crear | Knight |
| 27:56 | Crear | Knight |
| 27:56 | Crear | Knight |
| 27:56 | Crear | Knight |
| 27:57 | Crear | Knight |
| 27:57 | Crear | Knight |
| 27:57 | Crear | Knight |
| 27:57 | Crear | Knight |
| 27:57 | Crear | Knight |
| 27:58 | Crear | Knight |
| 27:58 | Crear | Knight |
| 28:08 | Construir | Bombard Tower |
| 28:12 | Construir | Bombard Tower |
| 28:17 | Construir | Bombard Tower |
| 28:22 | Construir | Bombard Tower |
| 28:52 | Construir | Bombard Tower |
| 28:56 | Construir | Bombard Tower |
| 28:59 | Construir | Bombard Tower |
| 29:22 | Construir | Bombard Tower |
Build order — 123
130 acciones detectadas en el replay
| 15:46 | Construir | Stone Wall |
| 16:14 | Construir | Stable |
| 16:18 | Construir | Stable |
| 16:20 | Construir | Stable |
| 16:22 | Construir | Stable |
| 16:25 | Construir | Stable |
| 16:27 | Construir | Stable |
| 16:28 | Construir | Stable |
| 16:30 | Construir | Stable |
| 16:33 | Construir | Stable |
| 16:34 | Construir | Stable |
| 16:49 | Construir | Stable |
| 16:51 | Construir | Stable |
| 16:54 | Construir | Stable |
| 16:55 | Construir | Stable |
| 17:33 | Construir | Stone Wall |
| 18:56 | Investigar | Husbandry |
| 18:57 | Investigar | Bloodlines |
| 19:24 | Investigar | Light Cavalry (upgrade) |
| 24:20 | Crear | Knight ×5 |
| 24:20 | Crear | Knight ×5 |
| 24:20 | Crear | Knight ×5 |
| 24:20 | Crear | Knight ×5 |
| 24:21 | Crear | Knight ×5 |
| 24:21 | Crear | Knight ×5 |
| 24:21 | Crear | Knight ×5 |
| 24:21 | Crear | Knight ×5 |
| 24:22 | Crear | Knight ×5 |
| 24:22 | Crear | Knight ×5 |
| 24:22 | Crear | Knight ×5 |
| 24:22 | Crear | Knight ×5 |
| 24:22 | Crear | Knight ×5 |
| 24:23 | Crear | Knight ×5 |
| 24:23 | Crear | Knight ×5 |
| 24:23 | Crear | Knight ×5 |
| 24:24 | Crear | Knight ×5 |
| 24:24 | Crear | Knight ×5 |
| 24:24 | Crear | Knight ×5 |
| 24:24 | Crear | Knight ×5 |
| 24:25 | Crear | Knight ×5 |
| 24:25 | Crear | Knight ×5 |
| 24:25 | Crear | Knight ×5 |
| 24:25 | Crear | Knight ×5 |
| 24:26 | Crear | Knight ×5 |
| 24:26 | Crear | Knight ×5 |
| 24:26 | Crear | Knight ×5 |
| 24:51 | Crear | Knight ×5 |
| 24:51 | Crear | Knight ×5 |
| 24:51 | Crear | Knight ×5 |
| 24:52 | Crear | Knight ×5 |
| 24:52 | Crear | Knight ×5 |
| 24:52 | Crear | Knight ×5 |
| 24:58 | Crear | Knight ×5 |
| 24:58 | Crear | Knight ×5 |
| 24:58 | Crear | Knight ×5 |
| 27:44 | Crear | Knight ×5 |
| 27:44 | Crear | Knight ×5 |
| 27:44 | Crear | Knight ×5 |
| 27:45 | Crear | Knight ×5 |
| 27:45 | Crear | Knight ×5 |
| 27:45 | Crear | Knight ×5 |
| 27:45 | Crear | Knight ×5 |
| 27:46 | Crear | Knight ×5 |
| 27:46 | Crear | Knight ×5 |
| 27:46 | Crear | Knight ×5 |
| 27:46 | Crear | Knight ×5 |
| 27:46 | Crear | Knight ×5 |
| 27:47 | Crear | Knight ×5 |
| 27:47 | Crear | Knight ×5 |
| 28:05 | Investigar | First Crusade |
| 28:46 | Crear | Knight ×5 |
| 28:46 | Crear | Knight ×5 |
| 28:47 | Crear | Knight ×5 |
| 28:47 | Crear | Knight ×5 |
| 28:47 | Crear | Knight ×5 |
| 28:58 | Construir | Stable |
| 28:59 | Construir | Stable |
| 29:01 | Construir | Stable |
| 29:02 | Construir | Stable |
| 29:04 | Construir | Stable |
| 29:06 | Construir | Stable |
| 29:08 | Construir | Stable |
| 29:09 | Construir | Stable |
| 29:16 | Construir | Stable |
| 29:17 | Construir | Stable |
| 29:21 | Construir | Stable |
| 29:24 | Construir | Stable |
| 29:26 | Construir | Stable |
| 29:48 | Crear | Knight ×5 |
| 29:48 | Crear | Knight ×5 |
| 29:48 | Crear | Knight ×5 |
| 29:48 | Crear | Knight ×5 |
| 29:49 | Crear | Knight ×5 |
| 29:50 | Crear | Knight ×5 |
| 29:50 | Crear | Knight ×4 |
| 30:37 | Crear | Knight ×5 |
| 30:38 | Crear | Knight ×5 |
| 30:38 | Crear | Knight ×5 |
| 30:38 | Crear | Knight ×5 |
| 31:08 | Crear | Knight ×5 |
| 31:08 | Crear | Knight ×5 |
| 31:08 | Crear | Knight ×5 |
| 31:08 | Crear | Knight ×5 |
| 31:09 | Crear | Knight ×5 |
| 31:09 | Crear | Knight |
| 31:09 | Crear | Knight |
| 31:30 | Crear | Knight ×5 |
| 31:30 | Crear | Knight ×5 |
| 31:31 | Crear | Knight ×5 |
| 31:31 | Crear | Knight |
| 31:47 | Crear | Knight ×5 |
| 31:47 | Crear | Knight ×5 |
| 31:48 | Crear | Knight ×5 |
| 32:03 | Crear | Knight ×5 |
| 32:03 | Crear | Knight ×5 |
| 32:03 | Crear | Knight ×5 |
| 32:03 | Crear | Knight ×5 |
| 32:04 | Crear | Knight ×5 |
| 32:04 | Crear | Knight ×5 |
| 32:04 | Crear | Knight ×2 |
| 32:58 | Crear | Knight ×5 |
| 32:59 | Crear | Knight ×5 |
| 32:59 | Crear | Knight ×5 |
| 32:59 | Crear | Knight ×5 |
| 33:04 | Crear | Knight ×5 |
| 33:05 | Crear | Knight ×5 |
| 33:05 | Crear | Knight ×5 |
| 33:05 | Crear | Knight ×5 |
| 33:06 | Crear | Knight ×5 |
| 33:06 | Crear | Knight ×5 |
Build order — uzbekKazeta
0 acciones detectadas en el replay
Build order — Slowie.AK
81 acciones detectadas en el replay
| 19:54 | Construir | Archery Range |
| 19:59 | Construir | Archery Range |
| 20:04 | Construir | Archery Range |
| 21:25 | Construir | Stable |
| 21:30 | Construir | Stable |
| 21:35 | Construir | Stable |
| 21:51 | Crear | Archer |
| 21:52 | Crear | Archer |
| 21:52 | Crear | Archer |
| 21:52 | Crear | Archer |
| 21:53 | Crear | Archer |
| 21:53 | Crear | Archer |
| 21:53 | Crear | Archer |
| 21:53 | Crear | Archer |
| 21:54 | Crear | Archer |
| 21:54 | Crear | Archer |
| 21:54 | Crear | Archer |
| 21:54 | Crear | Archer |
| 21:55 | Crear | Archer |
| 21:55 | Crear | Archer |
| 21:55 | Crear | Archer |
| 21:55 | Crear | Archer |
| 22:01 | Crear | Archer |
| 22:02 | Crear | Archer |
| 22:02 | Crear | Archer |
| 22:02 | Crear | Archer |
| 22:02 | Crear | Archer |
| 22:03 | Crear | Archer |
| 22:03 | Crear | Archer |
| 22:03 | Crear | Archer |
| 22:03 | Crear | Archer |
| 22:04 | Crear | Archer |
| 22:04 | Crear | Archer |
| 22:04 | Crear | Archer |
| 22:04 | Crear | Archer |
| 22:05 | Crear | Archer |
| 22:05 | Crear | Archer |
| 22:05 | Crear | Archer |
| 22:18 | Crear | Archer |
| 22:18 | Crear | Archer |
| 22:18 | Crear | Archer |
| 22:19 | Crear | Archer |
| 22:19 | Crear | Archer |
| 22:19 | Crear | Archer |
| 22:20 | Crear | Archer |
| 22:20 | Crear | Archer |
| 22:20 | Crear | Archer |
| 22:20 | Crear | Archer |
| 22:21 | Crear | Archer |
| 22:21 | Crear | Archer |
| 22:21 | Crear | Archer |
| 22:21 | Crear | Archer |
| 22:22 | Crear | Archer |
| 22:22 | Crear | Archer |
| 24:03 | Investigar | Bloodlines |
| 24:04 | Investigar | Bloodlines |
| 24:05 | Crear | Scout Cavalry |
| 24:05 | Crear | Scout Cavalry |
| 24:05 | Crear | Scout Cavalry |
| 24:06 | Crear | Scout Cavalry |
| 24:06 | Crear | Scout Cavalry |
| 24:06 | Crear | Scout Cavalry |
| 24:07 | Crear | Scout Cavalry |
| 24:07 | Crear | Scout Cavalry |
| 24:07 | Crear | Scout Cavalry |
| 24:10 | Crear | Scout Cavalry |
| 24:10 | Crear | Scout Cavalry |
| 24:11 | Crear | Scout Cavalry |
| 24:11 | Crear | Scout Cavalry |
| 24:11 | Crear | Scout Cavalry |
| 24:12 | Crear | Scout Cavalry |
| 24:12 | Crear | Scout Cavalry |
| 24:12 | Crear | Scout Cavalry |
| 24:12 | Crear | Scout Cavalry |
| 24:13 | Crear | Scout Cavalry |
| 24:13 | Crear | Scout Cavalry |
| 24:13 | Crear | Scout Cavalry |
| 24:13 | Crear | Scout Cavalry |
| 24:17 | Crear | Scout Cavalry |
| 24:18 | Crear | Scout Cavalry |
| 24:18 | Crear | Scout Cavalry |
Build order — manue
0 acciones detectadas en el replay
Cronología de la partida
| 1:30 | Hutchy · resign |
| 15:46 | 123 · wall_segment Stone Wall x14 |
| 16:14 | 123 · first_building Stable |
| 17:33 | 123 · wall_segment Stone Wall x1 |
| 19:54 | Slowie.AK · first_building Archery Range |
| 21:25 | Slowie.AK · first_building Stable |
| 24:52 | lupo · first_building Stable |
| 25:35 | Rayleigh · first_building Stable |
| 25:40 | lupo · wall_segment Stone Wall x11 |
| 25:53 | lupo · wall_segment Stone Wall x11 |
| 28:05 | Rayleigh · first_building Archery Range |
[ ANÁLISIS IA · 1 CRÉDITO ]
¿Qué pasó realmente en esta partida?
Wolo.gg analiza cada decisión: build order, eco, micro, errores típicos por bracket. Análisis personalizado por WhatsApp o Discord en 30 segundos.
Guía civ
Portugueses
Perfil
Jugador #746940